 Dungeon Crawl Stone Soup version 0.24.0-13-gcf9b3192b9 (webtiles) character file.

Game seed: 11208039593154932977, levelgen mode: deterministic

146 DavidChitty2 the Skirmisher (level 5, 0/33 HPs)
             Began as a Gargoyle Fighter on Nov 9, 2019.
             Slain by a gnoll (6 damage)
             ... on level 3 of the Dungeon.
             The game lasted 00:02:43 (1829 turns).

DavidChitty2 the Skirmisher (Gargoyle Fighter)      Turns: 1829, Time: 00:02:43

Health: 0/33       AC: 13    Str: 20    XL:     5   Next: 28%
Magic:  5/5        EV:  7    Int:  9    God:
Gold:   152        SH:  9    Dex:  9    Spells: 4/4 levels left

rFire    . . .     SeeInvis .   a - +0 flail
rCold    . . .     Gourm    .   c - +0 shield
rNeg     + . .     Faith    .   b - +0 scale mail
rPois    ∞         Spirit   .   (no helmet)
rElec    +         Reflect  .   l - +0 cloak
rCorr    +         Harm     .   q - +0 pair of gloves (curse)
MR       .....                  (no boots)
Stlth    ..........             (no amulet)
HPRegen  0.11/turn              k - ring of resist corrosion
MPRegen  0.09/turn              x - ring of attention (curse)

@: no status effects
A: negative energy resistance 1, electricity resistance, unbreathing,
petrification resistance, rot immunity, AC +4
a: no special abilities


You were on level 3 of the Dungeon.
You were not hungry.

You visited 1 branch of the dungeon, and saw 3 of its levels.

You collected 152 gold pieces.

Inventory:

Hand Weapons
 a - a +0 flail (weapon)
Armour
 b - a +0 scale mail (worn)
 c - a +0 shield (worn)
 l - a +0 cloak (worn)
   (You found it on level 1 of the Dungeon)
 q - a cursed +0 pair of gloves (worn)
   (You found it on level 1 of the Dungeon)
 r - a +1 helmet
   (You found it on level 1 of the Dungeon)
Jewellery
 k - a ring of resist corrosion (left hand)
   (You found it on level 1 of the Dungeon)
 x - a cursed ring of attention (right hand)
   (You found it on level 3 of the Dungeon)
Wands
 v - a wand of digging (5)
   (You found it on level 3 of the Dungeon)
Scrolls
 f - 3 scrolls of identify {unknown}
 n - a scroll of remove curse {unknown}
 o - 2 scrolls of magic mapping {unknown}
 p - 2 scrolls of teleportation {unknown}
 s - 2 scrolls of enchant weapon {unknown}
 t - 2 scrolls of fog {unknown}
 w - a scroll of blinking {unknown}
 y - a scroll of random uselessness {unknown}
Potions
 d - a potion of might
 g - 2 potions of brilliance {unknown}
 h - a potion of lignification {unknown}
 i - 4 potions of curing {@q1}
 m - 2 potions of heal wounds {unknown}
 u - a potion of berserk rage {unknown}
Comestibles
 e - 4 rations {!d}
 j - 4 chunks of flesh


   Skills:
 + Level 4.1 Fighting
 * Level 3.7 Maces & Flails
 + Level 4.0 Armour
 + Level 4.0 Shields


You had 4 spell levels left.
You didn't know any spells.
Your spell library was empty.

Dungeon Overview and Level Annotations

Branches:
Dungeon (3/15)

Altars:
Uskayaw


Innate Abilities, Weirdness & Mutations

You are resistant to torment.
Your stone body is resilient. (AC +4)
You are immune to poison.
You resist negative energy. (rN+)
You are resistant to electric shocks. (rElec)
You can survive without breathing.
You are immune to petrification.
You are immune to rotting.


Message History

You closely miss the ball python.
The ball python bites you but does no damage.
The ball python constricts you. The gnoll hits you but does no damage.
You block the ball python's attack. The ball python constricts you.
You block the gnoll's attack.
You barely miss the ball python. You block the ball python's attack.
The ball python constricts you. You block the gnoll's attack.
The gnoll hits you with a +0 flail.
You hit the ball python.
You kill the ball python!
The gnoll hits you but does no damage. The gnoll hits you with a +0 flail.
The gnoll hits you but does no damage.
You sock the gnoll! You block the gnoll's attack.
The gnoll hits you but does no damage.
You completely miss the gnoll. The gnoll closely misses you. x2
You thump the gnoll!
You kill the gnoll!
You block the gnoll's attack.
You barely miss the gnoll.
The gnoll hits you but does no damage. x2
The gnoll barely misses you.
You closely miss the gnoll. The gnoll hits you with a +0 flail.
The gnoll hits you but does no damage. x2
You barely miss the gnoll. The gnoll closely misses you.
You block the gnoll's attack.
You hit the gnoll but do no damage.
The gnoll hits you but does no damage. x2
The gnoll barely misses you.
You barely miss the gnoll. The gnoll hits you but does no damage.
The gnoll hits you with a +0 flail.
You closely miss the gnoll. You block the gnoll's attack.
The gnoll hits you but does no damage.
You hit the gnoll. The gnoll hits you.
* * * LOW HITPOINT WARNING * * *
You block the gnoll's attack. The gnoll hits you but does no damage.
Your shield and scale mail prevent you from hitting the gnoll.
The gnoll hits you with a +0 flail.
* * * LOW HITPOINT WARNING * * *
You block the gnoll's attack.
You hit the gnoll. The gnoll hits you but does no damage.
You block the gnoll's attack.
Your shield and scale mail prevent you from hitting the gnoll.
The gnoll hits you.
* * * LOW HITPOINT WARNING * * *
The gnoll hits you with a +0 flail.
* * * LOW HITPOINT WARNING * * *
It was a potion of curing.
You feel better. The gnoll closely misses you.
The gnoll hits you with a +0 flail.
* * * LOW HITPOINT WARNING * * *
Your shield prevents you from hitting the gnoll.
You block the gnoll's attack. The gnoll closely misses you. The gnoll hits you.
You die...

#...#.#...# #..
...######...#.#.### #..
........#...#.#.######..
........#.>..........'..
........##+####.######..
........##..............
........##..............
......gg##..............
.......@##..............
.......†................
...####.................
. ####..............
#.............#
#.............#
..............#
.......... ...#
....#+### ....


You could see 2 gnolls.

Vanquished Creatures
  3 adders
  2 gnolls
  5 dart slugs
  2 worms
  A leopard gecko (D:1)
  5 orcs (D:3)
  A ball python (D:3)
  9 bats
  4 giant cockroaches
  10 goblins
  8 hobgoblins
  3 jackals (D:1)
  10 kobolds
  A quokka (D:3)
  6 frilled lizards
  8 rats
78 creatures vanquished.

Vanquished Creatures (others)
  5 toadstools (D:1)
5 creatures vanquished.

Grand Total: 83 creatures vanquished

Notes
Turn   | Place    | Note
-------+----------+-------------------------------------------
     0 | D:1      | DavidChitty2 the Gargoyle Fighter began the quest for the
                  | Orb.
     0 | D:1      | Reached XP level 1. HP: 14/14 MP: 1/1
   135 | D:1      | Reached XP level 2. HP: 19/19 MP: 2/2
   278 | D:1      | Reached XP level 3. HP: 20/23 MP: 3/3
   899 | D:2      | Reached XP level 4. HP: 23/29 MP: 4/4
  1417 | D:3      | Noticed a +0 hand axe
  1418 | D:3      | Noticed a +0 dagger
  1423 | D:3      | Found a hide-covered altar of Uskayaw.
  1613 | D:3      | Reached XP level 5. HP: 33/33 MP: 5/5
  1829 | D:3      | Slain by a gnoll

Levels and vault maps discovered:
D:1:      ldierk_walled_garden, layout_basic, chequers_serial_rivers_small_a,
          minmay_tiny_reverse_x
D:2:      layout_rooms
D:3:      layout_basic, dancing_weapons_uskayaw, first_ration

Skill      XL: |  1  2  3  4 |
---------------+-------------+-----
Maces & Flails | 3 |  3.7
Fighting       | 4 |  4.1
Armour         | 4 |  4.0
Shields        | 4 |  4.0

Action                   |  1- 3 |  4- 6 || total
-------------------------+-------+-------++-------
Melee: Flail             |   133 |   186 ||   319
  Use: Potion            |       |     1 ||     1
  Eat: Chunk             |       |     4 ||     4
Armor: Scale mail        |    70 |   173 ||   243
Dodge: Dodged            |    57 |    91 ||   148
Block: Shield            |    69 |   131 ||   200
